 Dungeon Crawl Stone Soup version 0.27.1-1-g398f81649c (webtiles) character file.

Game seed: 9361138450552551867

102 Rickety the Sneak (level 4, -4/21 HPs)
             Began as a Spriggan Enchanter on Sept 13, 2021.
             Slain by an orc priest (10 damage)
             ... on level 2 of the Dungeon.
             The game lasted 00:09:50 (4598 turns).

Rickety the Sneak (Spriggan Enchanter)              Turns: 4598, Time: 00:09:51

Health: -4/21      AC:  3    Str:  4    XL:     4   Next: 49%
Magic:  6/9        EV: 17    Int: 16    God:
Gold:   66         SH:  0    Dex: 16    Spells: 3/9 levels left

rFire    . . .     SeeInvis +   a - +1 dagger
rCold    . . .     Faith    .   (shield restricted)
rNeg     . . .     Spirit   .   b - +0 robe
rPois    .         Reflect  .   (helmet restricted)
rElec    .         Harm     .   j - +0 cloak
rCorr    .         Rampage  .   (gloves unavailable)
Will     .....                  (boots unavailable)
Stlth    +++.......             (no amulet)
HPRegen  0.07/turn              (no ring)
MPRegen  0.11/turn              (no ring)

@: very quick
A: very small, no large weapons, unfitting armour, see invisible, speed 3
a: no special abilities


You were on level 2 of the Dungeon.
You visited 1 branch of the dungeon, and saw 3 of its levels.

You collected 66 gold pieces.

Inventory:

Hand Weapons
 a - a +1 dagger (weapon)
Armour
 b - a +0 robe (worn)
 j - a +0 cloak (worn)
Wands
 l - a wand of mindburst (14)
Scrolls
 c - a scroll of enchant armour {unknown}
 d - a scroll of torment {unknown}
 g - 2 scrolls of amnesia {unknown}
 i - a scroll of blinking {unknown}
 m - 2 scrolls of teleportation {unknown}
 q - a scroll of immolation {unknown}
Potions
 e - a potion of ambrosia {unknown}
 f - a potion of mutation {unknown}
 h - 3 potions of curing {unknown}
 k - 2 potions of heal wounds {unknown}
 n - a potion of haste {unknown}
 o - a potion of degeneration {unknown}
 p - a potion of might {unknown}


   Skills:
 + Level 0.3 Fighting
 + Level 1.9 Short Blades
 + Level 3.0 Dodging
 * Level 6.5 Stealth
 + Level 3.1 Spellcasting
 + Level 4.2 Hexes
 + Level 0.3 Ice Magic


You had 3 spell levels left.
You knew the following spells:

 Your Spells              Type           Power      Damage    Failure   Level
a - Corona                Hex            16%        N/A       3%          1
b - Ensorcelled Hibernat  Hex/Ice        18%        N/A       11%         2
c - Confusing Touch       Hex            15%        N/A       10%         3

Your spell library contained the following spells:

 Spells                   Type           Power      Damage    Failure   Level
 Tukima's Dance           Hex            15%        N/A       10%         3
 Foxfire                  Conj/Fire      8%         2x1d4     19%         1
 Dazzling Flash           Conj/Hex       18%        N/A       24%         3
 Inner Flame              Hex/Fire       9%         N/A       24%         3
 Conjure Flame            Conj/Fire      2%         6-21      50%         3


Dungeon Overview and Level Annotations

Branches:
Dungeon (3/15)

Altars:
Vehumet
Yredelemnul

Annotations:
D:3 1 runed translucent door


Innate Abilities, Weirdness & Mutations

You are very small and have problems with some larger weapons.
You are too small for most types of armour.
You have supernaturally acute eyesight. (SInv)
You cover ground extremely quickly. (Speed+++)


Message History

The giant cockroach bites you.
You closely miss the giant cockroach.
The giant cockroach is almost dead.
The giant cockroach misses you.
The orc shouts!
You hit the giant cockroach.
You kill the giant cockroach!
The orc priest looks braver for a moment.
The orc priest mumbles some strange prayers to Beogh against you.
Pain shoots through your body!
Ouch! That really hurt!
* * * LOW HITPOINT WARNING * * *
There is a stone staircase leading up here.
Unknown command.
You climb upwards.
There is a stone staircase leading down, spattered with blood here.
You start resting.
Magic restored.
You start resting.
HP restored.
Casting: Ensorcelled Hibernation (safe; 11% risk of failure)
Confirm with . or Enter, or press ? or * to list all spells.
The spell is extremely dangerous to cast (10% risk of failure)!
Continue anyway?
Your hands begin to glow red.
You climb downwards.
Level annotation: 1 runed translucent door The orc misses you.
The orc completely misses you.
There is a stone staircase leading up here.
The orc priest hits you with a +0 flail!
The orc wizard barely misses you. The orc hits you with a +0 flail.
* * * LOW HITPOINT WARNING * * *
You climb upwards.
There is a stone staircase leading down, spattered with blood here.
You hit the orc priest but do no damage.
The orc priest invokes the aid of Beogh against you.
You struggle to resist.
The orc wizard closely misses you.
You hit the orc priest but do no damage.
The orc priest appears confused.
The orc closely misses you.
The orc priest hits you with a +0 flail!
You die...

#.###...##..##.. #.#
##.####...o#
###.####.## ##..##
#......(..## #..#
####.#.####...###..##
#......####.#.......(
#...........#........
#..o.o#####...###..##
#...@........## #..#
#....o#####.## ##..##
####### ##.####....#
#...##..##..
#...........
#......+.##.
#......#+###
#...........
#######.....


You could see an orc priest (confused), an orc wizard and an orc.

Vanquished Creatures
  A human zombie (D:3)
  2 adders (D:2)
  A worm (D:1)
  An orc (D:2)
  8 ball pythons
  5 endoplasms
  3 giant cockroaches
  2 goblins
  3 hobgoblins
  4 jackals (D:1)
  2 quokkas
  3 bats (D:1)
  3 frilled lizards
  A jackal skeleton (D:3)
  4 kobolds
  2 rats
45 creatures vanquished.

Notes
Turn   | Place    | Note
-------+----------+-------------------------------------------
     0 | D:1      | Rickety the Spriggan Enchanter began the quest for the Orb.
     0 | D:1      | Reached XP level 1. HP: 9/9 MP: 5/5
   462 | D:1      | Reached skill level 5 in Stealth
   484 | D:1      | Reached XP level 2. HP: 12/13 MP: 4/6
   494 | D:1      | Learned a level 2 spell: Ensorcelled Hibernation
  1525 | D:1      | Found a faded altar of an unknown god.
  2269 | D:1      | Reached XP level 3. HP: 16/16 MP: 1/8
  2273 | D:1      | Learned a level 3 spell: Confusing Touch
  3491 | D:3      | Reached skill level 6 in Stealth
  3505 | D:3      | Found a radiant altar of Vehumet.
  3611 | D:3      | Found a runed translucent door.
  3611 | D:3      | Noticed a human
  3634 | D:3      | Found a basalt altar of Yredelemnul.
  3656 | D:3      | Reached XP level 4. HP: 15/21 MP: 5/9
  4598 | D:2      | Slain by an orc priest

Illustrated notes

Levels and vault maps discovered:
D:1:      onia_arrival_mini_spirals, layout_basic, ebering_ecumenical_altar_rust
D:2:      layout_basic, dk_vineyard_3, palyth_stone_intersect, dk_noncrumbling_3
D:3:      layout_basic, fiery_altar_vehumet, dk_yredelemnul_ordeal,
          serial_shops, nicolae_shop_stone, saegor_snake_ambush

Skill      XL: |  1  2  3 |
---------------+----------+-----
Stealth        | 5 6 |  6.5
Hexes          | 4 |  4.2
Spellcasting   | 3 |  3.1
Dodging        | 3 |  3.0
Fighting       | |  0.3
Short Blades   | |  1.9
Ice Magic      | |  0.3

Action                   |  1- 3 |  4- 6 || total
-------------------------+-------+-------++-------
Melee: Dagger            |   124 |    24 ||   148
 Cast: Corona            |     7 |       ||     7
       Ensorcelled Hiber |    44 |     9 ||    53
       Confusing Touch   |     3 |     1 ||     4
 Stab: Sleeping          |    23 |     5 ||    28
       Confused          |     4 |       ||     4
Armor: Robe              |    14 |     2 ||    16
Dodge: Dodged            |    94 |    20 ||   114
